 Dungeon Crawl Stone Soup version 0.30.1-3-gfc49f6343a (webtiles) character file.

Game seed: 17013706393198755377

30 Pepete the Shooter (level 3, 0/18 HPs)
             Began as a Spriggan Hunter on July 25, 2023.
             Slain by a worm (9 damage)
             ... on level 2 of the Dungeon.
             The game lasted 00:01:09 (1199 turns).

Pepete the Shooter (Spriggan Hunter)                Turns: 1199, Time: 00:01:10

Health: 0/18       AC:  2    Str:  7    XL:     3   Next: 3%
Magic:  6/6        EV: 18    Int: 10    God:
Gold:   58         SH:  0    Dex: 20    Spells: 4/4 levels left

rFire   . . .        a - +0 shortbow
rCold   . . .        (shield currently unavailable)
rNeg    . . .        c - +0 robe
rPois   .            (helmet restricted)
rElec   .            (no cloak)
rCorr   .            (gloves unavailable)
SInv    +            (boots unavailable)
Will    .....        (no amulet)
Stlth   ++           (no ring)
HPRegen 0.23/turn    (no ring)
MPRegen 0.10/turn

%: no passive effects
@: very quick
A: very small, no large weapons, unfitting armour, see invisible, speed 3
a: no special abilities


You were on level 2 of the Dungeon.
You visited 1 branch of the dungeon, and saw 2 of its levels.

You collected 58 gold pieces.

Inventory:

Hand Weapons
 a - a +0 shortbow (weapon)
Armour
 c - a +0 robe (worn)
Scrolls
 b - a scroll of immolation
 d - a scroll of fear {unknown}
 e - a scroll of identify {unknown}
 f - 2 scrolls of enchant weapon {unknown}


   Skills:
 + Level 2.0 Fighting
 + Level 4.2 Ranged Weapons
 + Level 3.3 Dodging
 - Level 1.5 Stealth
 + Level 1.4 Spellcasting


You had 4 spell levels left.
You didn't know any spells.
Your spell library was empty.

Dungeon Overview and Level Annotations

Branches:
Dungeon (2/15)

Altars:
Makhleb

Annotations:
D:2 Jessica


Innate Abilities, Weirdness & Mutations

You are very small and have problems with some larger weapons.
You are too small for most types of armour.
You have supernaturally acute eyesight. (SInv)
You cover ground extremely quickly. (Speed+++)


Message History

You shoot an arrow. The arrow closely misses the quokka.
The quokka barely misses you.
You shoot an arrow. The arrow hits the quokka.
You kill the quokka!
No target in view!
No target in view!
You start resting.
HP restored.
You start waiting.
Done waiting.
You start waiting.
Done waiting.
You climb downwards.
Level annotation: Jessica The worm bites you!
Ouch! That really hurt!
There is a stone staircase leading up here.
You are too injured to fight recklessly!
You are too injured to fight recklessly!
You are too injured to fight recklessly!
You are too injured to fight recklessly!
You are too injured to fight recklessly!
You are too injured to fight recklessly!
Fire: a) +0 shortbow
Press: ? - help, Shift-Dir - straight line, f - worm
Aim: a worm (81% to hit)
You shoot an arrow.
The arrow hits the worm but does no damage.
The worm barely misses you.
Fire: a) +0 shortbow
Press: ? - help, Shift-Dir - straight line, f/p - worm
Aim: a worm (81% to hit)
You shoot an arrow. The arrow hits the worm.
The worm is lightly wounded.
Fire: a) +0 shortbow
Press: ? - help, Shift-Dir - straight line, f/p - worm
Aim: a worm (lightly wounded, 81% to hit)
You shoot an arrow. The arrow barely misses the worm.
The worm bites you!
Ouch! That really hurt!
You die...

# .### . ..##
...#######..# #.
##..#.....#..## #.
#......@......# #..
#..#.#w.)#.#..# #..
##..#..._...#..# ##...
#...#.<...<.#...# ##†...#
#..#..@#...#...#
.....$.##..##.....##.#.#
..)..†....†.#.#.###.....
......§...........[...#..
......#.#####........##...


You could see a worm and Jessica.

Vanquished Creatures
  A dart slug (D:1)
  A ball python (D:2)
  3 bats
  2 endoplasms (D:2)
  2 goblins (D:1)
  3 hobgoblins
  2 jackals (D:2)
  3 kobolds
  2 quokkas
  2 frilled lizards (D:1)
  3 rats (D:1)
24 creatures vanquished.

Notes
Turn   | Place    | Note
-------+----------+-------------------------------------------
     0 | D:1      | Pepete the Spriggan Hunter began the quest for the Orb.
     0 | D:1      | Reached XP level 1. HP: 10/10 MP: 2/2
   128 | D:1      | Reached XP level 2. HP: 15/15 MP: 4/4
   146 | D:1      | Reached skill level 1 in Spellcasting
   613 | D:1      | Found a burning altar of Makhleb.
   660 | D:2      | Found a faded altar of an unknown god.
   711 | D:2      | Noticed Jessica
   987 | D:2      | Reached XP level 3. HP: 18/18 MP: 6/6
  1199 | D:2      | Slain by a worm

Illustrated notes

Levels and vault maps discovered:
D:1:      dpeg_arrival_water_altar, layout_basic
D:2:      layout_basic, nicolae_ecumenical_pavilion, kennysheep_jessica_study,
          uniq_robin

Skill      XL: |  1  2 |
---------------+-------+-----
Dodging        | 3 |  3.3
Spellcasting   | 1 |  1.4
Fighting       | 2 |  2.0
Ranged Weapons | |  4.2
Stealth        | |  1.5

Action                     || total
---------------------------++-------
   Fire: Shortbow          ||    54
  Dodge: Dodged            ||    16
